 Seeded DCSS version 0.30.0-19-g36f170ea60 (webtiles) character file.

Game seed: 6351066067085065685 (custom seed)

23 Esekla the Grave Robber (level 2, -1/15 HPs)
             Began as a Deep Elf Necromancer on May 29, 2023.
             Was an Initiate of Vehumet.
             Slain by a frilled lizard (3 damage)
             ... on level 1 of the Dungeon.
             The game lasted 00:06:18 (857 turns).

Esekla the Grave Robber (Deep Elf Necromancer)       Turns: 857, Time: 00:06:19

Health: -1/15      AC:  2    Str:  5    XL:     2   Next: 75%
Magic:  8/8        EV: 13    Int: 19    God:    Vehumet [......]
Gold:   18         SH:  0    Dex: 15    Spells: 7/8 levels left

rFire   . . .        c - +1 dagger (drain)
rCold   . . .        (no shield)
rNeg    . . .        a - +0 robe
rPois   .            (no helmet)
rElec   .            (no cloak)
rCorr   .            (no gloves)
SInv    .            (no boots)
Will    .....        (no amulet)
Stlth   ++           (no ring)
HPRegen 0.22/turn    (no ring)
MPRegen 0.11/turn

%: no passive effects
@: no status effects
A: no striking features
a: Renounce Religion


You were on level 1 of the Dungeon.
You worshipped Vehumet.
Vehumet was noncommittal.
You visited 1 branch of the dungeon, and saw 4 of its levels.

You collected 18 gold pieces.

Inventory:

Hand Weapons
 c - a +1 dagger of draining (weapon)
Armour
 a - a +0 robe (worn)
Scrolls
 e - a scroll of fear {unknown}
 f - 2 scrolls of identify {unknown}
 k - a scroll of fog {unknown}
Potions
 b - a potion of magic
 d - a potion of ambrosia {unknown}
 g - a potion of attraction {unknown}
 h - a potion of heal wounds {unknown}
 i - a potion of curing {unknown}
 j - 2 potions of brilliance {unknown}


   Skills:
 + Level 0.1 Fighting
 + Level 0.2 Short Blades
 * Level 2.9 Dodging
 + Level 2.5 Stealth
 * Level 3.5 Spellcasting
 + Level 5.2 Necromancy


You had 7 spell levels left.
You knew the following spells:

 Your Spells              Type           Power      Damage    Failure   Level
a - Necrotise             Necr           92%        1d8       1%          1

Your spell library contained the following spells:

 Spells                   Type           Power      Damage    Failure   Level
 Vampiric Draining        Necr           23%        2d7       4%          3
 Animate Dead             Necr           23%        N/A       17%         4
 Agony                    Necr           23%        N/A       43%         5


Dungeon Overview and Level Annotations

Branches:
Dungeon (4/15)
 Temple: D:4-7

Altars:
Vehumet


Message History

You barely miss the goblin. The goblin closely misses you.
You hit the goblin.
The goblin is moderately wounded.
The goblin hits you with a +0 club.
You hit the goblin.
You kill the goblin!
Vehumet accepts your kill.
You completely miss the goblin. The goblin hits you with a +0 club.
You aren't carrying any items that you can evoke.
You hit the goblin.
The goblin is moderately wounded.
The goblin misses you.
You barely miss the goblin.
The goblin is moderately wounded.
The goblin barely misses you.
You barely miss the goblin.
The goblin is moderately wounded.
The goblin hits you with a +0 club.
* * * LOW HITPOINT WARNING * * *
You hit the goblin.
You kill the goblin!
Vehumet accepts your kill.
You miss the frilled lizard. The frilled lizard bites you.
* * * LOW HITPOINT WARNING * * *
The frilled lizard attacks as you move away!
The frilled lizard bites you but does no damage.
You miss the frilled lizard. The frilled lizard barely misses you.
The frilled lizard attacks as you move away!
The frilled lizard misses you.
The frilled lizard attacks as you move away!
The frilled lizard barely misses you.
The frilled lizard attacks as you move away!
The frilled lizard bites you.
* * * LOW HITPOINT WARNING * * *
The frilled lizard attacks as you move away!
The frilled lizard bites you.
* * * LOW HITPOINT WARNING * * *
There is a stone staircase leading down here.
The frilled lizard bites you.
You die...

###.# # ##### #†### #....#
##### #..## #....###...#
##.## #..#.....#.# ####
#.....#....#######
#..#.....#..##...#####
#.....................
#....@.............###
#...l#.............###
#...J#........).......
#######....#.#.....†....####
#........###.##...>#...## #
#...$...w# #.#####.#####
#........# #.# #.#
#.......w# #.# #.#
#........###.# #.#


You could see a dart slug, an endoplasm and a frilled lizard.

Vanquished Creatures
  5 ball pythons (D:1)
  3 bats
  3 endoplasms
  4 goblins (D:1)
  A quokka (D:1)
  A frilled lizard (D:1)
  3 kobolds (D:1)
20 creatures vanquished.

Notes
Turn   | Place    | Note
-------+----------+-------------------------------------------
     0 | D:1      | Esekla the Deep Elf Necromancer began the quest for the
                  | Orb.
     0 | D:1      | Reached XP level 1. HP: 10/10 MP: 6/6
   406 | D:1      | Reached XP level 2. HP: 13/15 MP: 8/8
   414 | D:1      | Reached skill level 5 in Necromancy
   650 | D:4      | Found a radiant altar of Vehumet.
   654 | D:4      | Became a worshipper of Vehumet
   857 | D:1      | Slain by a frilled lizard

Illustrated notes

Levels and vault maps discovered:
D:1:      sevenhm_arrival_forest_fort_small_3, layout_rooms,
          chequers_serial_rivers_room_b, minmay_misc_feat_five
D:2:      layout_loops_ring, dreamdust_ecumenical_altar_angels_and_demons,
          serial_shops, shop
D:3:      layout_basic, grunt_temple_overflow_open, minmay_misc_feat_iff
D:4:      layout_basic, nicolae_overflow_quartered_altars, serial_shops,
          nicolae_diamond_shop

Skill      XL: |  1  2 |
---------------+-------+-----
Necromancy     | 5 |  5.2
Fighting       | |  0.1
Short Blades   | |  0.2
Dodging        | |  2.9
Stealth        | |  2.5
Spellcasting   | |  3.5

Action                     || total
---------------------------++-------
  Melee: Short sword       ||    22
         Unarmed           ||    17
         Dagger            ||    45
         Punch             ||     1
   Stab: Distracted        ||     1
 Armour: Robe              ||    15
  Dodge: Dodged            ||    64
